 Dungeon Crawl Stone Soup version 0.28.0-47-ge53b351184 (webtiles) character file.

Game seed: 4743787335705746327

16 Evening the Skirmisher (level 2, 32/33 HPs)
             Began as an Ogre Fighter on Apr 27, 2022.
             Quit the game on level 1 of the Dungeon.
             The game lasted 00:02:32 (337 turns).

Evening the Skirmisher (Ogre Fighter)                Turns: 337, Time: 00:02:33

Health: 32/33      AC:  3    Str: 19    XL:     2   Next: 58%
Magic:  2/2        EV:  8    Int:  9    God:
Gold:   11         SH:  7    Dex:  8    Spells: 1/1 levels left

rFire   . . .      SeeInvis .   a - +0 war axe
rCold   . . .      Faith    .   c - +0 kite shield
rNeg    . . .      Spirit   .   b - +0 robe
rPois   .          Reflect  .   (helmet restricted)
rElec   .          Harm     .   (no cloak)
rCorr   .          Rampage  .   (gloves unavailable)
Will    .....                   (boots unavailable)
Stlth   +.........              (no amulet)
HPRegen 0.11/turn               (no ring)
MPRegen 0.08/turn               (no ring)

@: no status effects
A: large, unfitting armour, tough skin 1
a: no special abilities


You were on level 1 of the Dungeon.
You visited 1 branch of the dungeon, and saw 1 of its levels.

You collected 11 gold pieces.

Inventory:

Hand Weapons
 a - a +0 war axe (weapon)
Armour
 b - a +0 robe (worn)
 c - a +0 kite shield (worn)
Jewellery
 i - a ring of fire
Scrolls
 f - a scroll of teleportation {unknown}
 h - a scroll of magic mapping {unknown}
Potions
 d - a potion of might
 e - a potion of berserk rage {unknown}
 g - 2 potions of brilliance {unknown}
 j - 2 potions of curing {unknown}


   Skills:
 + Level 4.6 Fighting
 + Level 2.6 Axes
 - Level 2.6 Dodging
 - Level 2.6 Shields


You had one spell level left.
You didn't know any spells.
Your spell library was empty.

Dungeon Overview and Level Annotations

Branches:
Dungeon (1/15)

Altars:


Innate Abilities, Weirdness & Mutations

You are too large for most types of armour.
You have tough skin. (AC +1)


Message History

j - 2 viscous blue potions A frilled lizard and a ball python come into view.
The frilled lizard hisses angrily.
The frilled lizard moves out of view.
The ball python hisses angrily.
An endoplasm comes into view.
Found a scroll labelled WESYSCH NUWNA.
The endoplasm quivers.
You closely miss the ball python.
The ball python bites you but does no damage.
The ball python barely misses you.
You hit the ball python.
You kill the ball python!
The endoplasm hits you but does no damage.
You slash the endoplasm!
You kill the endoplasm!
The frilled lizard unfolds its giant frill.
You barely miss the frilled lizard.
The frilled lizard bites you but does no damage. x2
You miss the frilled lizard. The frilled lizard bites you.
You closely miss the frilled lizard. The frilled lizard barely misses you.
The frilled lizard bites you but does no damage.
You closely miss the frilled lizard. You block the frilled lizard's attack.
You closely miss the frilled lizard. You block the frilled lizard's attack.
The frilled lizard closely misses you.
You slash the frilled lizard!
You kill the frilled lizard!
No target in view!
No target in view!
Things that are here:
a frilled lizard corpse; a ball python corpse An endoplasm comes into view.
The endoplasm quivers.
You see here a scroll labelled WESYSCH NUWNA.
You slash the endoplasm!
You kill the endoplasm!
No target in view!
Unknown command.
Unknown command.
Are you sure you want to abandon this character and quit the game? (Confirm with "yes".)

#........#..#
#......###..#
#......# #..#
#..)...# ##.#
###†#### .#
###.# ..
###...## ..
#.######......#
#........@....#
########?.....#
#......#
#......#
########


There were no monsters in sight!

Vanquished Creatures
  A dart slug (D:1)
  A bat (D:1)
  3 endoplasms (D:1)
  2 goblins (D:1)
  A hobgoblin (D:1)
  2 ball pythons (D:1)
  2 frilled lizards (D:1)
  A kobold (D:1)
13 creatures vanquished.

Notes
Turn   | Place    | Note
-------+----------+-------------------------------------------
     0 | D:1      | Evening the Ogre Fighter began the quest for the Orb.
     0 | D:1      | Reached XP level 1. HP: 24/24 MP: 1/1
    95 | D:1      | Reached XP level 2. HP: 23/33 MP: 2/2
   337 | D:1      | Quit the game

Illustrated notes

Levels and vault maps discovered:
D:1:      lightli_arrival_quake, layout_rooms,
          hellmonk_ecumenical_altar_crossroads

Action                   || total
-------------------------++-------
Melee: War axe           ||    33
Armor: Robe              ||    10
Dodge: Dodged            ||    11
Block: Kite shield       ||    12
